[Event "Ulm2007"]
[Site "Privat"]
[Date "2007.11.30"]
[Round "6"]
[White "Huppertz, Anton"]
[Black "von Schwerin, Reinhold"]
[Result "1-0"]
[ECO "B08"]
[WhiteElo "1316"]
[BlackElo "1331"]
[Annotator "Goda,Frederic"]
[PlyCount "53"]
[EventDate "2007.??.??"]
[TimeControl "40/5400+30:900+30"]

{512MB, Fritz8.ctg, SCHACHCOMP} 1. e4 d6 2. d4 Nf6 3. Nc3 g6 4. Nf3 Bg7 5. h3
Nbd7 6. Be3 c6 7. Qd2 b5 8. a3 Bb7 9. Bh6 Rg8 10. Bxg7 Rxg7 11. Qh6 Kf8 12. Bd3
e5 13. dxe5 Nxe5 14. Nxe5 dxe5 15. Rd1 Qe7 16. O-O Ng8 17. Qe3 g5 18. Be2 a6
19. Bg4 Bc8 20. Bxc8 Rxc8 21. Qb6 Qc7 22. Qxc7 Rxc7 23. Rd8+ Ke7 24. Rfd1 a5
25. Ne2 Nf6 26. Ng3 Rg8 27. Nf5+ 1-0

[Event "Ulm2007"]
[Site "Privat"]
[Date "2007.11.30"]
[Round "6"]
[White "Stork, Simon"]
[Black "Haitov, Haim"]
[Result "0-1"]
[ECO "B33"]
[WhiteElo "1128"]
[BlackElo "1430"]
[Annotator "Goda,Frederic"]
[PlyCount "58"]
[EventDate "2007.??.??"]
[TimeControl "40/5400+30:900+30"]

{512MB, Fritz8.ctg, SCHACHCOMP} 1. e4 c5 2. Nf3 Nc6 3. d4 cxd4 4. Nxd4 Nf6 5.
Nc3 e5 6. Ndb5 d6 7. Nd5 Nxd5 8. exd5 Ne7 9. c4 a6 10. Nc3 Ng6 11. Be2 Be7 12.
O-O Bg5 13. Re1 Bxc1 14. Rxc1 O-O 15. b4 f5 16. c5 Nf4 17. Bc4 Qg5 18. g3 Nh3+
19. Kg2 f4 20. Ne4 Qg6 21. Rf1 Qxe4+ 22. f3 Qg6 23. c6 b6 24. a4 b5 25. axb5
axb5 26. Bxb5 Ra2+ 27. Be2 fxg3 28. hxg3 Nf4+ 29. Kf2 Nxe2 0-1

[Event "Ulm2007"]
[Site "Privat"]
[Date "2007.12.14"]
[Round "7"]
[White "Anistratov, Dimitrij"]
[Black "Hörsch, Heiner"]
[Result "1-0"]
[ECO "B08"]
[WhiteElo "2314"]
[BlackElo "2016"]
[Annotator "Goda,Frederic"]
[PlyCount "67"]
[EventDate "2007.??.??"]
[TimeControl "40/7200:0"]

{512MB, Fritz8.ctg, SCHACHCOMP} 1. e4 g6 2. d4 Bg7 3. Nf3 d6 4. Nc3 Nf6 5. h3
O-O 6. Be3 c6 7. a4 e5 8. dxe5 dxe5 9. Qxd8 Rxd8 10. Bc4 Nbd7 11. O-O Nh5 12.
Rfd1 Re8 13. Rd2 Bf6 14. Rad1 Nf8 15. Ng5 Bxg5 16. Bxg5 Be6 17. Bf1 f6 18. Be3
f5 19. a5 Nf6 20. f3 Re7 21. Rd6 Rd7 22. Na4 Rxd6 23. Rxd6 fxe4 24. Nc5 Ne8 25.
Rxe6 Nxe6 26. Bc4 exf3 27. Bxe6+ Kg7 28. Nxb7 Rb8 29. a6 Nc7 30. Bc4 Rc8 31.
gxf3 Nd5 32. Bc5 Kf6 33. b4 Nc7 34. Kf2 1-0

[Event "Ulm2007"]
[Site "Privat"]
[Date "2007.12.14"]
[Round "7"]
[White "Gebhardt, Uwe"]
[Black "Smolny, Frieder"]
[Result "1-0"]
[ECO "D10"]
[WhiteElo "1995"]
[BlackElo "1928"]
[Annotator "Goda,Frederic"]
[PlyCount "97"]
[EventDate "2007.??.??"]
[TimeControl "40/5400+30:0"]

{512MB, Fritz8.ctg, SCHACHCOMP} 1. d4 d5 2. c4 c6 3. Nc3 Nf6 4. Bg5 e6 5. cxd5
cxd5 6. e3 Bd6 7. Nf3 O-O 8. Bd3 b6 9. O-O Ba6 10. Nb5 Bxb5 11. Bxb5 a6 12. Qa4
Nbd7 13. Bd3 Qb8 14. Rfc1 Rc8 15. Rc6 b5 16. Qc2 Rxc6 17. Qxc6 Ra7 18. g3 Qc7
19. Rc1 Nb8 20. Qxc7 Rxc7 21. Rxc7 Bxc7 22. Nd2 Nfd7 23. e4 Nc6 24. exd5 exd5
25. Nb3 Bb6 26. Bf5 Nf8 27. Bc8 Ne6 28. Be3 a5 29. Bb7 Nb4 30. a3 Nc2 31. Bxd5
Nxe3 32. fxe3 a4 33. Bxe6 axb3 34. Bxb3 Ba5 35. a4 bxa4 36. Bxa4 f6 37. Kf2 Kf7
38. Ke2 Ke6 39. Kd3 h5 40. Be8 h4 41. gxh4 Kd5 42. e4+ Ke6 43. Kc4 Bc7 44. h3
f5 45. e5 Bb6 46. h5 Ba7 47. Bc6 Bb6 48. Bb7 Ba7 49. Bc8+ 1-0

[Event "Ulm2007"]
[Site "Privat"]
[Date "2007.12.14"]
[Round "7"]
[White "Locher, Klaus"]
[Black "Schulze, Andreas"]
[Result "0-1"]
[ECO "A18"]
[WhiteElo "1816"]
[BlackElo "2146"]
[Annotator "Goda,Frederic"]
[PlyCount "72"]
[EventDate "2007.??.??"]
[TimeControl "40/5400+30:0"]

{512MB, Fritz8.ctg, SCHACHCOMP} 1. c4 Nf6 2. Nc3 e6 3. e4 d5 4. e5 Ne4 5. Nxe4
dxe4 6. Qg4 c5 7. Qxe4 Nc6 8. Nf3 Qd7 9. b3 b6 10. Bb2 Bb7 11. Qe3 Nb4 12. Qc3
Be4 13. d3 Bxd3 14. Bxd3 Qxd3 15. Qxd3 Nxd3+ 16. Kd2 O-O-O 17. Kc2 Nxf2 18.
Rhf1 Ng4 19. Rae1 Be7 20. Bc1 h5 21. Bg5 Rd7 22. h3 Nh6 23. Bxe7 Rxe7 24. Nd2
Nf5 25. Ne4 h4 26. Rf4 Rd7 27. Nd6+ Nxd6 28. exd6 Rh5 29. Ree4 e5 30. Rxh4 Rxh4
31. Rxh4 f6 32. Rg4 Kb7 33. Rg6 Kc6 34. g4 Kxd6 35. Kd3 Ke6+ 36. Ke3 Kf7 0-1

[Event "Ulm2007"]
[Site "Privat"]
[Date "2007.12.14"]
[Round "7"]
[White "Maier, Arnd"]
[Black "Gallwitz, Helge"]
[Result "1-0"]
[ECO "A87"]
[WhiteElo "2047"]
[BlackElo "2070"]
[Annotator "Goda,Frederic"]
[PlyCount "67"]
[EventDate "2007.??.??"]
[TimeControl "40/5400+30:0"]

{512MB, Fritz8.ctg, SCHACHCOMP} 1. d4 f5 2. c4 Nf6 3. Nc3 g6 4. Nf3 Bg7 5. g3
d6 6. Bg2 O-O 7. O-O Qe8 8. d5 a5 9. Nd4 Na6 10. b3 Qf7 11. Bb2 g5 12. Qd2 Bh6
13. Ne6 Bxe6 14. dxe6 Qh5 15. Nd5 Nxd5 16. cxd5 Nc5 17. a3 Qg6 18. b4 axb4 19.
axb4 Rxa1 20. Rxa1 Ne4 21. Qc2 Bg7 22. Ra7 Bxb2 23. Qxb2 f4 24. Qc2 fxg3 25.
Qxe4 gxf2+ 26. Kf1 Qh6 27. h3 Rf4 28. Qc2 g4 29. Ra8+ Kg7 30. Qxc7 Kf6 31. Qc3+
Kf5 32. e4+ Kg5 33. Rg8+ Kh4 34. hxg4 1-0

[Event "Ulm2007"]
[Site "Privat"]
[Date "2007.12.14"]
[Round "7"]
[White "Oberst, Thomas"]
[Black "Jahn, Manfred"]
[Result "1-0"]
[ECO "B02"]
[WhiteElo "2263"]
[BlackElo "1682"]
[Annotator "Goda,Frederic"]
[PlyCount "97"]
[EventDate "2007.??.??"]
[TimeControl "40/5400+30:0"]

{512MB, Fritz8.ctg, SCHACHCOMP} 1. e4 Nf6 2. d3 d5 3. e5 Nfd7 4. d4 c5 5. c3
Nc6 6. Nf3 e6 7. Be2 Be7 8. O-O O-O 9. Re1 f6 10. exf6 Bxf6 11. Be3 Qb6 12. Qd2
a5 13. Na3 c4 14. b3 cxb3 15. axb3 a4 16. b4 Na7 17. Bd3 Re8 18. Qc2 Nf8 19.
Qxa4 Bd7 20. Qb3 Qd6 21. b5 Nc8 22. c4 Ne7 23. c5 Qb8 24. Nc2 Neg6 25. Rxa8
Qxa8 26. g3 Qb8 27. h4 Ne7 28. Bf4 Qc8 29. Be5 Nfg6 30. h5 Nxe5 31. dxe5 Qxc5
32. exf6 gxf6 33. Qb2 Rf8 34. Ne3 Qd6 35. Qb1 Rf7 36. Ng4 Kh8 37. Qb2 d4 38.
Qxd4 Qxd4 39. Nxd4 e5 40. Nh6 Rg7 41. Ndf5 Nxf5 42. Nxf5 Rg5 43. Nd6 Rxh5 44.
Nxb7 Be6 45. Nc5 Bd5 46. Be4 Bc4 47. b6 Rg5 48. b7 Rg8 49. Nd7 1-0

[Event "Ulm2007"]
[Site "Privat"]
[Date "2007.12.14"]
[Round "7"]
[White "Bühler, Jürgen"]
[Black "Rissmann, Uli"]
[Result "0-1"]
[ECO "D89"]
[WhiteElo "1937"]
[BlackElo "2059"]
[Annotator "Goda,Frederic"]
[PlyCount "95"]
[EventDate "2007.??.??"]
[TimeControl "40/5400+30:0"]

{512MB, Fritz8.ctg, SCHACHCOMP} 1. c4 Nf6 2. Nc3 d5 3. cxd5 Nxd5 4. d4 g6 5. e4
Nxc3 6. bxc3 Bg7 7. Bc4 c5 8. Ne2 O-O 9. O-O Nc6 10. Be3 cxd4 11. cxd4 Bg4 12.
f3 Na5 13. Bd3 Be6 14. Qa4 a6 15. Nf4 Bd7 16. Qa3 Nc6 17. e5 e6 18. Rad1 Qe7
19. Qb2 Rab8 20. Qf2 Rfd8 21. h4 Nb4 22. Bb1 Bc6 23. h5 Nd5 24. Nxd5 Bxd5 25.
Qg3 Rd7 26. Bg5 Qe8 27. Bf6 Bf8 28. f4 Rc8 29. f5 exf5 30. Rxf5 Be6 31. Rg5 Bh6
32. hxg6 fxg6 33. Rh5 Rc1 34. Rxc1 Bxc1 35. Rh4 Bb2 36. Qf2 Bc3 37. Qe3 Rc7 38.
Qh6 Rd7 39. Kh1 b5 40. Be4 Qf7 41. Rf4 Bd2 42. Bc6 Rc7 43. d5 Bxf4 44. Qxf4
Bxd5 45. Bxd5 Qxd5 46. e6 Rc8 47. e7 Re8 48. Kh2 0-1

[Event "Ulm2007"]
[Site "Privat"]
[Date "2007.12.14"]
[Round "7"]
[White "Sander, Luzia"]
[Black "Heinrich, Klaus"]
[Result "1-0"]
[ECO "D02"]
[WhiteElo "1908"]
[BlackElo "1806"]
[Annotator "Goda,Frederic"]
[PlyCount "70"]
[EventDate "2007.??.??"]
[TimeControl "40/5400+30:0"]

{512MB, Fritz8.ctg, SCHACHCOMP} 1. d4 d5 2. Nf3 e6 3. a3 Bd6 4. c4 c6 5. Nc3 f5
6. c5 Bc7 7. Bg5 Nf6 8. e3 Nbd7 9. Be2 O-O 10. Qc2 Qe8 11. O-O e5 12. dxe5 Nxe5
13. Nd4 Ne4 14. Bh4 Ng4 15. Bg3 Nxg3 16. hxg3 Qh5 17. Bxg4 fxg4 18. e4 Rf6 19.
Qd3 Rh6 20. f4 gxf3 21. Qxf3 Bg4 22. Qd3 Qh2+ 23. Kf2 dxe4 24. Nxe4 Bh3 25.
Qb3+ Kh8 26. Qf3 Be5 27. Ke1 Bf6 28. gxh3 Qxb2 29. Rd1 Re8 30. Rf2 Rxe4+ 31.
Qxe4 Qc3+ 32. Kf1 Qc4+ 33. Kg1 Qg8 34. Nf3 Rxh3 35. Qg4 Qb3 1-0

[Event "Ulm2007"]
[Site "Privat"]
[Date "2007.12.14"]
[Round "7"]
[White "Over, Klaus"]
[Black "Zierke, Markus"]
[Result "1/2-1/2"]
[ECO "E65"]
[WhiteElo "2000"]
[BlackElo "1763"]
[Annotator "Goda,Frederic"]
[PlyCount "30"]
[EventDate "2007.??.??"]
[TimeControl "40/5400+30:0"]

{512MB, Fritz8.ctg, SCHACHCOMP} 1. c4 Nf6 2. Nf3 g6 3. g3 c5 4. Bg2 Bg7 5. O-O
O-O 6. Nc3 d6 7. d4 Na6 8. e4 Bg4 9. Be3 Qc8 10. Qe2 Nd7 11. Qd2 Bxf3 12. Bxf3
cxd4 13. Bxd4 Qxc4 14. Bxg7 Kxg7 15. Rac1 Ne5 1/2-1/2

[Event "Ulm2007"]
[Site "Privat"]
[Date "2007.12.14"]
[Round "7"]
[White "Lepschi, Albert"]
[Black "Lachmayer, Manfred"]
[Result "0-1"]
[ECO "D93"]
[WhiteElo "1713"]
[BlackElo "1900"]
[Annotator "Goda,Frederic"]
[PlyCount "96"]
[EventDate "2007.??.??"]
[TimeControl "40/5400+30:0"]

{512MB, Fritz8.ctg, SCHACHCOMP} 1. d4 c6 2. c4 d5 3. Nc3 Nf6 4. Nf3 g6 5. Bf4
Bg7 6. e3 O-O 7. cxd5 Nxd5 8. Nxd5 Qxd5 9. Be2 Bg4 10. O-O Nd7 11. h3 Bxf3 12.
Bxf3 Qb5 13. b4 e5 14. dxe5 Nxe5 15. Bxe5 Bxe5 16. Rb1 Rad8 17. a4 Qb6 18. Qb3
Bb8 19. Rfd1 Qc7 20. g3 h5 21. Qc4 Qe7 22. Qe4 Qf6 23. Rxd8 Rxd8 24. Rd1 Bd6
25. Kg2 Kf8 26. Qd4 Qxd4 27. Rxd4 Ke7 28. g4 hxg4 29. Rxg4 Kd7 30. Rc4 Kc7 31.
h4 Rh8 32. Kh3 g5 33. b5 c5 34. Bd5 f5 35. f3 b6 36. Be6 f4 37. exf4 Rxh4+ 38.
Kg3 Bxf4+ 39. Kg2 Rh2+ 40. Kg1 Rd2 41. Kf1 Kd6 42. Bg8 Rb2 43. Re4 Be5 44. Rc4
Bd4 45. Ke1 Ke5 46. Bf7 Kf4 47. Bd5 Ke3 48. Be4 g4 0-1

[Event "Ulm2007"]
[Site "Privat"]
[Date "2007.12.14"]
[Round "7"]
[White "Wolf, Rainer"]
[Black "Klein, Franz"]
[Result "1-0"]
[ECO "A06"]
[WhiteElo "1989"]
[BlackElo "1574"]
[Annotator "Goda,Frederic"]
[PlyCount "81"]
[EventDate "2007.??.??"]
[TimeControl "40/5400+30:0"]

{512MB, Fritz8.ctg, SCHACHCOMP} 1. Nf3 d5 2. e3 Bg4 3. d4 Nf6 4. Be2 e6 5. Nbd2
Nbd7 6. O-O Be7 7. c4 c6 8. h3 Bh5 9. Ne5 Bxe2 10. Qxe2 O-O 11. b3 Ne8 12. Bb2
Nxe5 13. dxe5 f6 14. e4 Nc7 15. Rad1 d4 16. exf6 Bxf6 17. e5 Be7 18. Ne4 c5 19.
b4 b6 20. Rd3 Na6 21. bxc5 bxc5 22. Ra3 Nb8 23. Qg4 Qc8 24. f4 Nc6 25. Rg3 Rf7
26. Ba3 Nb4 27. Bxb4 cxb4 28. Qe2 Bc5 29. Qd3 a5 30. Ng5 Rf5 31. Rgf3 g6 32. g4
Rf8 33. f5 exf5 34. gxf5 Rxf5 35. Rxf5 gxf5 36. Nxh7 Kxh7 37. Rxf5 Qxf5 38.
Qxf5+ Kg8 39. Qg6+ Kh8 40. Qh6+ Kg8 41. Qc6 1-0

[Event "Ulm2007"]
[Site "Privat"]
[Date "2007.12.14"]
[Round "7"]
[White "Geutebrück, Sebastian"]
[Black "Rissmann, Klaus"]
[Result "1-0"]
[ECO "D02"]
[WhiteElo "1928"]
[BlackElo "1494"]
[Annotator "Goda,Frederic"]
[PlyCount "83"]
[EventDate "2007.??.??"]
[TimeControl "40/5400+30:0"]

{512MB, Fritz8.ctg, SCHACHCOMP} 1. d4 d5 2. Nf3 c6 3. e3 Nf6 4. Bd3 Bg4 5. Nbd2
Nbd7 6. e4 e5 7. exd5 cxd5 8. dxe5 Nxe5 9. Qe2 Bd6 10. h3 Bxf3 11. Nxf3 O-O 12.
O-O Re8 13. Be3 a6 14. c3 Rc8 15. Nxe5 Bxe5 16. Qd2 d4 17. cxd4 Bb8 18. Bf4 Ba7
19. Rad1 Qxd4 20. Be3 Qxe3 21. fxe3 Bxe3+ 22. Rf2 Bxd2 23. Rfxd2 Rc7 24. Be2
Kf8 25. Bf3 Rec8 26. b3 h6 27. Rd8+ Rxd8 28. Rxd8+ Ke7 29. Rb8 Nd7 30. Rxb7
Rxb7 31. Bxb7 Nc5 32. Bd5 a5 33. Kf2 f6 34. Ke3 Kd6 35. Kd4 a4 36. b4 Nd3 37.
Kxd3 Kxd5 38. a3 g5 39. g4 f5 40. gxf5 h5 41. f6 Ke6 42. b5 1-0

[Event "Ulm2007"]
[Site "Privat"]
[Date "2007.12.14"]
[Round "7"]
[White "Peter, May"]
[Black "Krauß, Rainer"]
[Result "1-0"]
[ECO "D07"]
[WhiteElo "1432"]
[BlackElo "1708"]
[Annotator "Goda,Frederic"]
[PlyCount "69"]
[EventDate "2007.??.??"]
[TimeControl "40/5400+30:0"]

{512MB, Fritz8.ctg, SCHACHCOMP} 1. d4 d5 2. Nf3 Nc6 3. c4 Bg4 4. e3 e5 5. cxd5
Qxd5 6. Nc3 Bb4 7. Be2 exd4 8. Nxd4 Bxe2 9. Qxe2 Qxg2 10. Rf1 Bxc3+ 11. bxc3
Nge7 12. Qb5 O-O-O 13. Rb1 b6 14. Qa6+ Kb8 15. a4 Nxd4 16. cxd4 Qxh2 17. a5 Qd6
18. Ra1 Nc8 19. Bd2 Rhe8 20. Bc3 Qc6 21. Kd2 Qb7 22. Qc4 Nd6 23. Qd3 Ne4+ 24.
Ke2 Nxc3+ 25. Qxc3 Qd5 26. Ra4 Qb5+ 27. Rc4 Rd5 28. Ra1 c5 29. axb6 axb6 30.
Kd2 cxd4 31. exd4 Rf5 32. Qg3+ Rfe5 33. dxe5 Qxc4 34. e6+ Kb7 35. Qf3+ 1-0

[Event "Ulm2007"]
[Site "Privat"]
[Date "2007.12.14"]
[Round "7"]
[White "Schmidt, Waldemar"]
[Black "Loos, Tobias"]
[Result "1-0"]
[ECO "D02"]
[WhiteElo "1603"]
[BlackElo "1352"]
[Annotator "Goda,Frederic"]
[PlyCount "81"]
[EventDate "2007.??.??"]
[TimeControl "40/5400+30:0"]

{512MB, Fritz8.ctg, SCHACHCOMP} 1. d4 e6 2. Bf4 d5 3. Nf3 Nf6 4. h3 c5 5. dxc5
Bxc5 6. e3 O-O 7. Be2 Nc6 8. O-O a6 9. Nbd2 Re8 10. Ne5 Bd6 11. Nxc6 bxc6 12.
Bxd6 Qxd6 13. Nf3 a5 14. b3 Ne4 15. Bd3 Nc3 16. Qd2 Qc5 17. Nd4 Ba6 18. Ne2
Bxd3 19. Qxd3 Ne4 20. c4 Rec8 21. Rfc1 Qb6 22. Nc3 Nxc3 23. Qxc3 Qb4 24. Qd4 a4
25. cxd5 Qxd4 26. exd4 cxd5 27. b4 Rc4 28. Rxc4 dxc4 29. Rc1 Rc8 30. Rc3 Kf8
31. b5 Ke7 32. b6 Kd6 33. b7 Rb8 34. Rxc4 Rxb7 35. Rxa4 Kd5 36. Kf1 Rc7 37. Ke2
Ke4 38. f3+ Kd5 39. Kd3 e5 40. Ra5+ Ke6 41. Rxe5+ 1-0

[Event "Ulm2007"]
[Site "Privat"]
[Date "2007.12.14"]
[Round "7"]
[White "Andritzke, Karl-Heinz"]
[Black "Goda, Frederic"]
[Result "0-1"]
[ECO "A05"]
[WhiteElo "1405"]
[BlackElo "1600"]
[Annotator "Goda,Frederic"]
[PlyCount "84"]
[EventDate "2007.??.??"]
[TimeControl "40/5400+30:0"]

{512MB, Fritz8.ctg, SCHACHCOMP} 1. Nf3 Nf6 2. e3 c5 3. b3 d6 4. Bb2 Nc6 5. Bb5
e6 6. O-O Be7 7. Bxc6+ bxc6 8. d3 O-O 9. Nbd2 Re8 10. a4 Qc7 11. Kh1 e5 12. e4
g6 13. Ng1 d5 14. f4 exf4 15. e5 Nh5 16. Qf3 Be6 17. Ne2 Bg5 18. c4 Qd7 19. Ba3
Bg4 20. Qf2 f3 21. Nxf3 Bxf3 22. Qxf3 Rxe5 23. g4 Re3 24. gxh5
Rxf3 25. Rxf3 dxc4 26. bxc4 Re8 27. Ng3 Re3 28. Raf1 f5 29. hxg6 hxg6 30. Bxc5
Rxd3 31. R3f2 a6 32. Re2 Rd1 33. Kg2 Rxf1 34. Kxf1 Qd1+ 35. Kg2 Kf7 36. a5 Qd3
37. Rb2 Qxc4 38. Rb7+ Ke6 39. Bb6 Qd5+ 40. Kh3 f4 41. Kg4 fxg3 42. Kxg3 Qd3+
0-1

[Event "Ulm2007"]
[Site "Privat"]
[Date "2007.12.14"]
[Round "7"]
[White "von Schwerin, Clemens"]
[Black "Hengstberger, Uli"]
[Result "1-0"]
[ECO "B34"]
[WhiteElo "1581"]
[BlackElo "1450"]
[Annotator "Goda,Frederic"]
[PlyCount "55"]
[EventDate "2007.??.??"]
[TimeControl "40/5400+30:0"]

{512MB, Fritz8.ctg, SCHACHCOMP} 1. e4 c5 2. Nf3 Nc6 3. d4 cxd4 4. Nxd4 g6 5.
Be3 Nf6 6. Nc3 Qa5 7. f3 Bg7 8. Qd2 O-O 9. Bc4 Ne5 10. Bb3 d6 11. O-O-O Nfd7
12. Bh6 Nc5 13. Bxg7 Kxg7 14. h4 Qb6 15. Nd5 Nxb3+ 16. Nxb3 Qd8 17. h5 Rh8 18.
f4 Ng4 19. f5 e6 20. h6+ Kf8 21. Qc3 e5 22. Nc7 Nf2 23. Nxa8 Nxh1 24. Rxh1 gxf5
25. Rd1 Qg5+ 26. Kb1 Be6 27. Rxd6 Qxh6 28. Qxe5 1-0

[Event "Ulm2007"]
[Site "Privat"]
[Date "2007.12.14"]
[Round "7"]
[White "Kelemen, Norbert"]
[Black "Huppertz, Anton"]
[Result "1-0"]
[ECO "B77"]
[WhiteElo "1542"]
[BlackElo "1316"]
[Annotator "Goda,Frederic"]
[PlyCount "105"]
[EventDate "2007.??.??"]
[TimeControl "40/5400+30:0"]

{512MB, Fritz8.ctg, SCHACHCOMP} 1. e4 c5 2. Nf3 g6 3. d4 cxd4 4. Nxd4 Bg7 5.
Be3 d6 6. Bc4 Nf6 7. f3 O-O 8. Nc3 Nc6 9. Qd2 Re8 10. O-O-O Ne5 11. Bb3 Bd7 12.
g4 a5 13. a4 Nc6 14. Na2 Nxd4 15. Bxd4 b5 16. Nc3 bxa4 17. Nxa4 Bxa4 18. Bxa4
Rf8 19. Bc3 Nd7 20. Bxg7 Kxg7 21. Bxd7 Qxd7 22. Qd4+ Kg8 23. e5 Rfd8 24. Rhe1
a4 25. Rd3 Qa7 26. Qxa7 Rxa7 27. Red1 Rda8 28. exd6 exd6 29. Rxd6 a3 30. bxa3
Rxa3 31. Rd8+ Rxd8 32. Rxd8+ Kg7 33. Rd3 Ra1+ 34. Kb2 Rh1 35. Rd2 Rf1 36. Rd3
Rf2 37. h3 Kf6 38. Kb3 Kg5 39. c4 Kh4 40. c5 Kxh3 41. c6 Re2 42. c7 Re8 43. Rd8
Re3+ 44. Kc4 Rxf3 45. c8=Q Rf4+ 46. Rd4 Rxd4+ 47. Kxd4 Kh4 48. Ke4 Kg5 49. Qc5+
Kh6 50. g5+ Kg7 51. Ke5 h6 52. gxh6+ Kxh6 53. Kf6 1-0

[Event "Ulm2007"]
[Site "Privat"]
[Date "2007.12.14"]
[Round "7"]
[White "Hörsch, Florian"]
[Black "Sauter, Berthold"]
[Result "1/2-1/2"]
[ECO "B13"]
[WhiteElo "1013"]
[BlackElo "1380"]
[Annotator "Goda,Frederic"]
[PlyCount "37"]
[EventDate "2007.??.??"]
[TimeControl "40/5400+30:0"]

{512MB, Fritz8.ctg, SCHACHCOMP} 1. e4 c6 2. d4 d5 3. exd5 cxd5 4. c4 Nf6 5. Nc3
Nc6 6. Nf3 Bg4 7. cxd5 Nxd5 8. Bb5 e6 9. Qa4 Nb6 10. Bxc6+ bxc6 11. Qxc6+ Qd7
12. Qxd7+ Nxd7 13. Ne5 Nxe5 14. dxe5 Bb4 15. Bd2 O-O 16. f3 Bf5 17. O-O Rfd8
18. Rfd1 Rd3 19. a3 1/2-1/2

[Event "Ulm2007"]
[Site "Privat"]
[Date "2007.12.14"]
[Round "7"]
[White "Sturm, Paul"]
[Black "Krapf, Katharina"]
[Result "1-0"]
[ECO "A60"]
[WhiteElo "1448"]
[BlackElo "1043"]
[Annotator "Goda,Frederic"]
[PlyCount "79"]
[EventDate "2007.??.??"]
[TimeControl "40/5400+30:0"]

{512MB, Fritz8.ctg, SCHACHCOMP} 1. d4 c5 2. d5 e6 3. c4 Nf6 4. Bg5 Be7 5. Nc3
O-O 6. d6 Nc6 7. dxe7 Qxe7 8. Ne4 Ne5 9. Nxf6+ gxf6 10. Bh6 Rd8 11. e4 b6 12.
Qb3 Ng4 13. Qg3 f5 14. e5 Kh8 15. Bf4 f6 16. Qc3 Qg7 17. Nf3 Bb7 18. exf6 Nxf6
19. Be5 Rf8 20. O-O-O Rad8 21. Kb1 Kg8 22. Be2 Ne4 23. Qe1 Qg6 24. Rg1 f4 25.
Bd3 d6 26. Bc3 e5 27. Ka1 Qe6 28. Bxe4 d5 29. cxd5 Bxd5 30. Bxd5 Rxd5 31. Qe4
Rfd8 32. Rxd5 Rxd5 33. g3 fxg3 34. Rxg3+ Kf8 35. Nd2 b5 36. Rd3 Rxd3 37. Qxd3
b4 38. Qf3+ Ke7 39. Qb7+ Kd6 40. Ne4# 1-0

[Event "Ulm2007"]
[Site "Privat"]
[Date "2007.12.14"]
[Round "7"]
[White "von Schwerin, Reinhold"]
[Black "Ziad, Amar"]
[Result "1/2-1/2"]
[ECO "B21"]
[WhiteElo "1331"]
[BlackElo "1378"]
[Annotator "Goda,Frederic"]
[PlyCount "65"]
[EventDate "2007.??.??"]
[TimeControl "40/5400+30:0"]

{512MB, Fritz8.ctg, SCHACHCOMP} 1. e4 c5 2. d4 cxd4 3. c3 dxc3 4. Nxc3 Nc6 5.
Bc4 e6 6. Nf3 Qc7 7. O-O Nf6 8. Re1 Bc5 9. Na4 Be7 10. e5 Ng4 11. Bf4 a6 12.
Bb3 b5 13. Nc3 Bc5 14. Bg3 O-O 15. Rc1 Qa7 16. Ne4 Bb4 17. Re2 Nh6 18. a3 Be7
19. Qd2 Nf5 20. Rd1 Rd8 21. Nd6 Nxd6 22. exd6 Bf6 23. Bh4 Bxh4 24. Nxh4 Bb7 25.
Bc2 g6 26. Qh6 Nd4 27. Red2 Nxc2 28. Rxc2 Rdc8 29. Rxc8+ Rxc8 30. Qg5 Rc2 31.
Rf1 Qb8 32. Rd1 Bc6 33. Qe5 1/2-1/2